 Dungeon Crawl Stone Soup version bcrawl-1.19.1 (webtiles) character file.

Game seed: 4568587955312259184

77 Freyura the Shield-Bearer (level 4, -6/29 HPs)
             Began as a Gargoyle Fighter on Nov 23, 2019.
             Killed by divine providence
             ... invoked by an orc priest
              (13 damage)
             ... on level 2 of the Dungeon.
             The game lasted 00:03:21 (1136 turns).

Freyura the Shield-Bearer (Gargoyle Fighter)        Turns: 1136, Time: 00:03:21

Health: -6/29      AC: 10    Str: 20    XL:     4   Next: 33%
Magic:  0/4        EV:  7    Int:  8    God:
Gold:   24         SH:  9    Dex: 10    Spells: 3/3 levels left

rFire    . . .     SeeInvis .   a - +0 flail
rCold    . . .     Gourm    .   c - +0 shield
rNeg     + . .     Faith    .   b - +0 scale mail
rPois    ∞         Spirit   +   (no helmet)
rElec    +         Reflect  .   (no cloak)
rCorr    .         Harm     .   (no gloves)
MR       .....                  (no boots)
Stlth    ..........             e - amulet of guardian spirit
HPRegen  0.09/turn              (no ring)
MPRegen  0.09/turn              (no ring)

@: no status effects
A: negative energy resistance 1, electricity resistance, unbreathing,
petrification resistance, rot immunity, AC +3
a: no special abilities


You were on level 2 of the Dungeon.
You were not hungry.

You visited 1 branch of the dungeon, and saw 2 of its levels.

You collected 24 gold pieces.

Inventory:

Hand Weapons
 a - a +0 flail (weapon)
Armour
 b - a +0 scale mail (worn)
 c - a +0 shield (worn)
Jewellery
 e - an amulet of guardian spirit (around neck)
Scrolls
 g - 2 scrolls of teleportation {unknown}
 h - a scroll of blinking {unknown}
Potions
 d - a potion of might
 i - a potion of cancellation {unknown}
 k - 2 potions of ambrosia {unknown}
 l - 2 potions of curing {unknown}
Comestibles
 f - 5 rations {!d}


   Skills:
 + Level 3.7 Fighting
 * Level 3.1 Maces & Flails
 + Level 3.6 Armour
 + Level 1.0 Dodging
 + Level 3.7 Shields


You had 3 spell levels left.
You didn't know any spells.
Your spell library was empty.

Dungeon Overview and Level Annotations

Branches:
Dungeon (2/12)

Altars:


Innate Abilities, Weirdness & Mutations

You are resistant to torment.
Your stone body is resilient. (AC +3)
You are immune to poison.
You resist negative energy. (rN+)
You are resistant to electric shocks. (rElec)
You can survive without breathing.
You are immune to petrification.
You are immune to rotting.


Message History

The orc priest is severely wounded.
The orc priest barely misses you.
The orc priest hits you but does no damage.
You closely miss the orc priest.
The orc priest is severely wounded.
Your shield and scale mail prevent you from hitting the orc.
The orc priest mumbles some strange prayers to Beogh against you.
Beogh smites you!
* * * LOW HITPOINT WARNING * * *
You block the orc's attack.
You barely miss the orc. The orc completely misses you.
You thump the orc!
You kill the orc!
You closely miss something.
You hear some strange, mumbled words.
A puff of frost appears from out of thin air!
You block the puff of frost.
The orc priest mumbles some strange prayers to Beogh against you.
Beogh smites you!
You die...

######.#####.###.........
#.# #......###.### #.#
##.#.#.# # #.# #.#...#
#.# #.##.## #.# ###.##.#
#####.# #.<....#
.....o####......#
.....o)@........#
.#########.....## #.....#
###.### #... #####


You could see an orc priest and an orc.

Vanquished Creatures
  A howler monkey (D:2)
  A worm (D:1)
  A dart slug (D:1)
  3 leopard geckos (D:1)
  An orc (D:2)
  6 bats (D:1)
  A giant cockroach (D:1)
  4 hobgoblins (D:1)
  2 ball pythons (D:1)
  A frilled lizard (D:1)
  5 goblins
  2 kobolds (D:1)
  6 rats (D:1)
34 creatures vanquished.

Notes
Turn   | Place    | Note
-------+----------+-------------------------------------------
     0 | D:1      | Freyura the Gargoyle Fighter began the quest for the Orb.
     0 | D:1      | Reached XP level 1. HP: 14/14 MP: 1/1
    99 | D:1      | Reached XP level 2. HP: 19/19 MP: 2/2
   613 | D:1      | Reached XP level 3. HP: 22/23 MP: 3/3
  1060 | D:2      | Reached skill level 1 in Dodging
  1060 | D:2      | Reached XP level 4. HP: 24/29 MP: 4/4
  1136 | D:2      | Killed from afar by an orc priest

Skill      XL: |  1  2  3 |
---------------+----------+-----
Maces & Flails | 3 |  3.1
Dodging        | 1 |  1.0
Fighting       | |  3.7
Armour         | |  3.6
Shields        | |  3.7

Action                   |  1- 3 |  4- 6 || total
-------------------------+-------+-------++-------
Melee: Flail             |   109 |    14 ||   123
  Eat: Chunk             |     1 |       ||     1
Armor: Scale mail        |    66 |     1 ||    67
Dodge: Dodged            |    38 |     5 ||    43
Block: Shield            |    51 |     5 ||    56
